 Dungeon Crawl Stone Soup version 0.21-a0-127-g329daca (webtiles) character file.

111 GordonOverkill the Chopper (level 4, -1/37 HPs)
             Began as a Demigod Fighter on July 15, 2017.
             Slain by a gnoll
             ... wielding a +0 spear
              (4 damage)
             ... on level 3 of the Dungeon.
             The game lasted 00:06:55 (2033 turns).

GordonOverkill the Chopper (Demigod Fighter)        Turns: 2033, Time: 00:06:56

Health: -1/37      AC:  7    Str: 21    XL:     4   Next: 36%
Magic:  6/6        EV:  9    Int: 12    God:
Gold:   75         SH:  0    Dex: 15    Spells: 3/3 levels left

rFire    . . .     SeeInvis .   a - +0 war axe
rCold    . . .     Gourm    .   (no shield)
rNeg     . . .     Faith    .   e - +0 scale mail
rPois    .         Spirit   .   m - +0 helmet
rElec    .         Reflect  .   (no cloak)
rCorr    .         Harm     .   (no gloves)
MR       .....                  (no boots)
Stlth    ..........             (no amulet)
HPRegen  0.12/turn              (no ring)
MPRegen  0.10/turn              (no ring)

@: no status effects
A: high mp 1
a: no special abilities


You were on level 3 of the Dungeon.
You were not hungry.

You visited 1 branch of the dungeon, and saw 3 of its levels.

You collected 75 gold pieces.

Inventory:

Hand Weapons
 a - a +0 war axe (weapon)
 b - a +0 hunting sling
Missiles
 h - 2 throwing nets
 j - 44 stones (quivered)
Armour
 c - a +0 shield
 e - a +0 scale mail (worn)
 m - a +0 helmet (worn)
Jewellery
 n - an uncursed ring of ice {unknown}
Scrolls
 g - a scroll of identify
 o - a scroll of enchant weapon {unknown}
Potions
 d - a potion of lignification {unknown}
Comestibles
 f - 2 bread rations
 i - a meat ration
 k - 4 fruits
 l - a royal jelly


   Skills:
 - Level 2.6 Fighting
 + Level 4.4 Axes
 - Level 2.6 Armour
 - Level 2.6 Shields


You had 3 spell levels left.
You didn't know any spells.

Dungeon Overview and Level Annotations

Branches:
Dungeon (3/15)


Innate Abilities, Weirdness & Mutations

You have an increased reservoir of magic. (+10% MP)


Message History

The gnoll hits you from afar with a halberd.
The gnoll barely misses you.
You are too injured to fight recklessly!
You are too injured to fight recklessly!
You are too injured to fight recklessly!
You are too injured to fight recklessly!
You hit the gnoll.
The gnoll is almost dead.
The gnoll hits you from afar with a halberd!
* * * LOW HITPOINT WARNING * * *
The gnoll hits you but does no damage.
You closely miss the gnoll.
The gnoll is almost dead.
The gnoll closely misses you. The gnoll barely misses you.
You closely miss the gnoll.
The gnoll is almost dead.
The gnoll barely misses you. The gnoll hits you with a spear.
* * * LOW HITPOINT WARNING * * *
The gnoll hits you with a spear.
You die...

########## .. #........###
.# #.####.....# .###
###.###.## .#.# #...# #..#
$.# #.#.###..# ##.###
#.#......########....#...
#.###......((@ggg........
.##.###..#.##########......
.........#.# .....
###.####.#.# ##.# #. #.#.##
# #....# ###..# #..#######
#.........


You could see 2 gnolls and a hobgoblin.

Vanquished Creatures
  A gnoll (D:3)
  4 adders
  2 oozes (D:1)
  A worm (D:3)
  A dart slug (D:3)
  4 orcs (D:3)
  A ball python (D:2)
  5 bats
  3 giant cockroaches
  10 goblins
  4 hobgoblins
  2 jackals (D:3)
  3 kobolds
  A frilled lizard (D:1)
  4 rats
46 creatures vanquished.

Notes
Turn   | Place    | Note
-------+----------+-------------------------------------------
     0 | D:1      | GordonOverkill the Demigod Fighter began the quest for the Orb.
     0 | D:1      | Reached XP level 1. HP: 18/18 MP: 3/3
    15 | D:1      | Reached skill level 2 in Axes
    72 | D:1      | Reached XP level 2. HP: 18/25 MP: 4/4
   437 | D:1      | Reached skill level 3 in Axes
   767 | D:2      | Reached XP level 3. HP: 30/30 MP: 5/5
  1544 | D:3      | Reached skill level 4 in Axes
  1547 | D:3      | Reached XP level 4. HP: 31/37 MP: 6/6
  2033 | D:3      | Slain by a gnoll

Vault maps used:
D:1:      erik_arrival_gehennom
D:3:      minmay_strange_pillars, uniq_sigmund, uniq_crazy_yiuf_cottage

Skill      XL: |  1  2  3 |
---------------+----------+-----
Axes           | 2 3 4 |  4.4
Fighting       | |  2.6
Armour         | |  2.6
Shields        | |  2.6

Action                   |  1- 3 |  4- 6 || total
-------------------------+-------+-------++-------
Melee: War axe           |   108 |    25 ||   133
       Hunting sling     |       |     6 ||     6
 Fire: Hunting sling     |     8 |    13 ||    21
Throw: Stone             |     1 |       ||     1
  Use: Scroll            |       |     2 ||     2
       Potion            |       |     2 ||     2
  Eat: Chunk             |     1 |     3 ||     4
Armor: Scale mail        |    67 |    30 ||    97
Dodge: Dodged            |    64 |    33 ||    97
